 Dungeon Crawl Stone Soup version 0.22-b1-26-g9dbaab1 (webtiles) character file.

79 Doobh the Sneak (level 4, 0/28 HPs)
             Began as a Kobold Assassin on Aug 7, 2018.
             Slain by an orc priest
             ... wielding a cursed -2 war axe
              (12 damage)
             ... on level 2 of the Dungeon.
             The game lasted 00:08:16 (2239 turns).

Doobh the Sneak (Kobold Assassin)                   Turns: 2239, Time: 00:08:17

Health: 0/28       AC:  4    Str:  8    XL:     4   Next: 62%
Magic:  4/4        EV: 16    Int: 12    God:
Gold:   67         SH:  0    Dex: 17    Spells: 3/3 levels left

rFire    x . .     SeeInvis .   b - +0 blowgun
rCold    + . .     Gourm    .   (shield restricted)
rNeg     . . .     Faith    .   c - +0 robe
rPois    .         Spirit   .   (no helmet)
rElec    .         Reflect  .   d - +1 cloak
rCorr    .         Harm     .   (no gloves)
MR       .....                  (no boots)
Stlth    +++.......             (no amulet)
HPRegen  0.09/turn              i - ring of ice
MPRegen  0.09/turn              (no ring)

@: no status effects
A: small, carnivore
a: no special abilities


You were on level 2 of the Dungeon.
You were very full.

You visited 1 branch of the dungeon, and saw 2 of its levels.

You collected 67 gold pieces.

Inventory:

Hand Weapons
 a - a +2 dagger
 b - a +0 blowgun (weapon)
 t - a +2 dagger of venom
Missiles
 e - 7 poisoned needles (quivered)
 f - a curare-tipped needle
 h - 3 needles of paralysis
 s - 71 stones
Armour
 c - a +0 robe (worn)
 d - a +1 cloak (worn)
Jewellery
 i - a ring of ice (left hand)
 n - an uncursed amulet of magic regeneration {unknown}
Scrolls
 j - a scroll of magic mapping
 o - 2 scrolls of amnesia {unknown}
 r - a scroll of remove curse {unknown}
 u - a scroll of teleportation {unknown}
Potions
 k - 2 potions of agility {unknown}
 l - a potion of flight {unknown}
 m - a potion of degeneration {unknown}
 p - 2 potions of brilliance {unknown}
 q - a potion of curing
 w - 2 potions of heal wounds {unknown}
Comestibles
 g - 4 rations


   Skills:
 * Level 3.2 Fighting
 + Level 3.4 Short Blades
 - Level 2.4 Throwing
 * Level 2.9 Dodging
 + Level 5.8 Stealth


You had 3 spell levels left.
You didn't know any spells.
Your spell library was empty.

Dungeon Overview and Level Annotations

Branches:
Dungeon (2/15)

Altars:
Cheibriados


Innate Abilities, Weirdness & Mutations

You are small and have problems with some larger weapons.
You are carnivorous and can eat meat at any time.


Message History

You hit the orc priest.
The orc priest is moderately wounded.
The orc priest closely misses you.
You hit the orc priest.
The orc priest is heavily wounded.
The orc priest hits you with a war axe.
You closely miss the orc priest.
The orc priest is heavily wounded.
You barely miss the orc priest.
The orc priest is heavily wounded.
The orc priest hits you with a war axe. The orc closely misses you.
Wield which item (- for none, * to show all)? (? for menu, Esc to quit)
b - a +0 blowgun (weapon)
Fire/throw which item? (* to show all) (? for menu, Esc to quit)
Press: ? - help, Shift-Dir - straight line, f - orc priest
Aim: an orc priest, wielding a war axe (heavily wounded)
You shoot a needle of paralysis.
The needle of paralysis closely misses the orc priest.
The orc priest hits you with a war axe!
You die...

#.#............#####.#
#. ####.#...(........#
#.# ###.
..##.#............#
#.# ....
..##.'.)..........#
#.# ....
######............#
#.# ....
..................#
#.# ....
#####.............#
#.# ....
#..........oo.# #.#
.... #.........##@##
#.# ....
#.........##.# #.#
.... #........o##.#
#.# ....
#.........##.# #.#
....
#.........##.######.#
....
#.......####......#.#
#### #######o#
######.#.######### #.#
#...).o...o.. #.#
#.#o#########


You could see an orc priest and an orc.

Vanquished Creatures
  An orc priest (D:2)
  An ooze (D:1)
  A worm (D:2)
  3 leopard geckos
  An orc (D:2)
  9 bats
  A giant cockroach (D:2)
  8 goblins
  2 hobgoblins (D:1)
  A quokka (D:2)
  4 frilled lizards (D:1)
  2 kobolds
  5 rats
39 creatures vanquished.

Notes
Turn   | Place    | Note
-------+----------+-------------------------------------------
     0 | D:1      | Doobh the Kobold Assassin began the quest for the Orb.
     0 | D:1      | Reached XP level 1. HP: 12/12 MP: 1/1
   157 | D:1      | Reached XP level 2. HP: 16/18 MP: 2/2
   487 | D:1      | Reached XP level 3. HP: 21/22 MP: 3/3
  1146 | D:2      | Found a snail-covered altar of Cheibriados.
  1919 | D:2      | Reached XP level 4. HP: 26/27 MP: 4/4
  2239 | D:2      | Slain by an orc priest

Skill      XL: |  1  2  3  4 |
---------------+-------------+-----
Short Blades   | 3 |  3.4
Dodging        | 2 |  2.9
Fighting       | 3 |  3.2
Throwing       | |  2.4
Stealth        | |  5.8

Action                   |  1- 3 |  4- 6 || total
-------------------------+-------+-------++-------
Melee: Dagger            |   121 |    24 ||   145
 Fire: Blowgun           |     9 |     3 ||    12
Throw: Stone             |     2 |       ||     2
  Use: Scroll            |     8 |       ||     8
 Stab: Sleeping          |     6 |       ||     6
       Distracted        |     1 |       ||     1
       Paralysed         |       |     1 ||     1
  Eat: Chunk             |    16 |       ||    16
Armor: Robe              |    27 |     3 ||    30
Dodge: Dodged            |   136 |    27 ||   163
